AoeStats
← christar123 ten

Arena

507967017Analyzed
2v2 RM · 12d ago on Sep 20, 2026· 44m 57s· 4 players
Game mode
Random Map
Map size
Medium (4 player)
Population
200
Speed
Normal
Resources
Standard
Victory
Conquest
Starting age
Dark Age
Ending age
Imperial Age
RankedLock teamsTeams togetherTeam positionsShared explorationLock speedFull tech treeHidden civsTurbo modeCheats
Victory
Defeat
🇨🇳 Mongols · China
1471
+17
🇹🇼 Muisca · Taiwan
1328
+22
🇬🇧 Wu · United Kingdom
1492
-20
🇨🇭 Bohemians · Switzerland
1465
-19
Zaphod
10:31 Feudal Age
14:44 Castle Age
13:12 Double-Bit Axe
13:39 Horse Collar
15:40 Bow Saw
27:08 Imperial Age
26:04 Pikeman
26:44 Squires
26:51 Devotion
28:04 Chemistry
28:20 Wheelbarrow
29:03 Two-Man Saw
28:39 Devotion
32:39 Siege Engineers
34:09 Husbandry
33:30 Light Cavalry
34:06 Treadmill Crane
34:49 Scale Barding Armor
35:22 Wagenburg Tactics
35:50 Scale Mail Armor
36:01 Forging
35:47 Fletching
36:32 Masonry
36:44 Ballistics
37:20 Hand Cart
37:08 Murder Holes
37:12 Fletching
38:43 Bodkin Arrow
39:00 Forging
39:21 Masonry
41:06 Bracer
41:21 Padded Archer Armor
christar123 ten
8:01 Loom
10:31 Feudal Age
14:11 Castle Age
12:49 Double-Bit Axe
14:50 Horse Collar
15:21 Bow Saw
15:55 Loom
22:24 Fletching
24:54 Bodkin Arrow
26:41 Wheelbarrow
27:00 Red Cliffs Tactics
27:04 Gold Mining
28:02 Ballistics
32:03 Imperial Age
29:45 Padded Archer Armor
31:31 Elite Skirmisher
32:48 Bracer
33:53 Chemistry
33:09 Leather Archer Armor
35:19 Stone Mining
35:50 Masonry
35:56 Crossbowman
36:59 Arbalester
40:12 Gold Shaft Mining
42:24 Scale Barding Armor
42:29 Forging
42:33 Heavy Hei Guang Cavalry
43:34 Chain Barding Armor
43:26 Bloodlines
44:32 Iron Casting
43:58 Murder Holes
44:33 Architecture
44:38 Hand Cart
44:24 Heavy Plow
45:25 Two-Man Saw
45:32 Plate Barding Armor
慢工出細活
10:46 Feudal Age
15:16 Castle Age
13:58 Scale Mail Armor
14:14 Double-Bit Axe
14:48 Loom
17:09 Sanctity
17:56 Fervor
18:09 Horse Collar
19:47 Redemption
28:50 Bow Saw
28:43 Heavy Plow
32:24 Imperial Age
30:15 Forging
31:09 Chain Mail Armor
30:45 Champi Runner
31:25 Squires
31:55 Gold Mining
33:00 Iron Casting
32:16 Fletching
33:08 Wheelbarrow
33:30 Block Printing
33:41 Illumination
33:54 Theocracy
33:43 Conscription
32:47 Champi Warrior
33:57 Elite Champi Warrior
36:04 Two-Man Saw
35:53 Plate Mail Armor
36:35 Crop Rotation
36:25 Herbalism
38:03 Gold Shaft Mining
39:31 Stone Mining
40:07 Bodkin Arrow
40:13 Padded Archer Armor
40:31 Hand Cart
40:02 Town Watch
41:20 Coinage
42:42 Stone Shaft Mining
43:03 Banking
无助小羊
10:09 Feudal Age
10:34 Loom
13:59 Castle Age
12:18 Stone Mining
25:37 Imperial Age
23:18 Double-Bit Axe
24:49 Fletching
25:25 Bodkin Arrow
27:17 Bracer
30:47 Chemistry
31:42 Padded Archer Armor
32:04 Ballistics
35:30 Leather Archer Armor
39:36 Wheelbarrow
39:27 Bow Saw
39:33 Gold Mining
44:26 Onager
Connection lost

Rejoining the realm…

Still unreachable

The connection could not be restored.

Session expired

The server has moved on; the page needs a fresh start.